 Dungeon Crawl Stone Soup version 0.20-a0-386-g2d247ea (webtiles) character file.

325 Kurtz the Chopper (level 6, -9/35 HPs)
             Began as a Kobold Gladiator on Dec 30, 2016.
             Mangled by Edmund
             ... wielding a +3 dire flail of draining
              (14 damage)
             ... on level 4 of the Dungeon.
             The game lasted 00:02:46 (2538 turns).

Kurtz the Chopper (Kobold Gladiator)                Turns: 2538, Time: 00:02:46

Health: -9/35      AC:  7    Str: 13    XL:     6   Next: 78%
Magic:  6/6        EV: 11    Int:  9    God:
Gold:   71         SH:  0    Dex: 17    Spells: 5/5 levels left

rFire  . . .     SeeInvis .     a - +0 war axe
rCold  . . .     Gourm    .     j - +0 scale mail
rNeg   . . .     Faith    .     (shield restricted)
rPois  .         Spirit   .     c - +0 helmet
rElec  .         Reflect  .     (no cloak)
rCorr  .         Harm     .     (no gloves)
MR     .....                    (no boots)
Stlth  ..........               (no amulet)
                                (no ring)
                                (no ring)

@: heavily drained
A: carnivore 3
a: no special abilities


You were on level 4 of the Dungeon.
You were completely stuffed.

You visited 1 branch of the dungeon, and saw 4 of its levels.

You collected 71 gold pieces.

Inventory:

Hand Weapons
 a - a +0 war axe (weapon)
Armour
 b - a +0 leather armour
 c - a +0 helmet (worn)
 j - a +0 scale mail (worn)
Scrolls
 g - 2 scrolls of identify {unknown}
 h - 2 scrolls of immolation {unknown}
 l - a scroll of teleportation {unknown}
 m - a scroll of recharging {unknown}
Potions
 e - 2 potions of curing {unknown}
 k - a potion of invisibility {unknown}
 n - 2 potions of agility {unknown}
Comestibles
 f - 2 meat rations


   Skills:
 - Level 2.1(0.4) Fighting
 * Level 5.6(3.6) Axes
 - Level 2.1(0.4) Throwing
 * Level 1.4(0.0) Armour
 - Level 3.6(1.7) Dodging


You had 5 spell levels left.
You didn't know any spells.

Dungeon Overview and Level Annotations

Branches:
Dungeon (4/15)
 Temple: D:4-7

Altars:
Elyvilon
Xom
Zin

Annotations:
D:4 Edmund


Innate Abilities, Weirdness & Mutations

You are small and have problems with some larger weapons.
You are carnivorous and can eat meat at any time.


Message History

Edmund struggles against the net. x2
You hit Edmund.
Edmund is almost dead.
Edmund struggles against the net.
The net rips apart, and Edmund comes free!
You closely miss Edmund.
Edmund is almost dead.
Edmund misses you.
You hit Edmund but do no damage.
Edmund is almost dead.
Edmund hits you but does no damage.
You feel drained.
You barely miss Edmund.
Edmund is almost dead.
Edmund hits you with a dire flail of draining.
* * * LOW HITPOINT WARNING * * *
You feel drained.
You hit Edmund.
Edmund is almost dead.
Edmund hits you with a dire flail of draining!
You die...

#.. #.# #.# #.#
#.# #.# #.# #@#
# #@#.#
####r#.#
#......#
####+##.###
#......<#
#.......#######
#..............
#..............


You could see Edmund and a quokka.

Vanquished Creatures
  The ghost of Heef the Grave Robber, an amateur HuNe (D:3)
  A water moccasin skeleton (D:4)
  An orc priest (D:3)
  5 adders
  2 worms
  3 dart slugs (D:3)
  A leopard gecko (D:3)
  4 orcs (D:3)
  2 ball pythons
  8 bats
  2 giant cockroaches
  12 goblins
  5 hobgoblins
  7 jackals
  5 frilled lizards
  6 kobolds
  6 rats
71 creatures vanquished.

Notes
Turn   | Place    | Note
-------+----------+-------------------------------------------
     0 | D:1      | Kurtz the Kobold Gladiator began the quest for the Orb.
     0 | D:1      | Reached XP level 1. HP: 12/12 MP: 1/1
   362 | D:1      | Reached XP level 2. HP: 17/17 MP: 2/2
   395 | D:1      | Reached skill level 3 in Axes
   850 | D:1      | Reached XP level 3. HP: 16/21 MP: 3/3
   984 | D:2      | Found a shimmering altar of Xom.
   986 | D:2      | Noticed an angel
  1005 | D:2      | Found a glowing silver altar of Zin.
  1025 | D:2      | Found a white marble altar of Elyvilon.
  1076 | D:2      | Reached XP level 4. HP: 19/26 MP: 4/4
  1234 | D:2      | Reached skill level 4 in Axes
  1720 | D:3      | Noticed Heef's ghost (amateur HuNe)
  1733 | D:3      | Killed Heef's ghost
  1733 | D:3      | Reached skill level 5 in Axes
  1733 | D:3      | Reached skill level 1 in Armour
  1733 | D:3      | Reached XP level 5. HP: 12/30 MP: 5/5
  1733 | D:3      | Reached XP level 6. HP: 14/35 MP: 6/6
  2506 | D:4      | Noticed Edmund
  2538 | D:4      | Mangled by Edmund

Vault maps used:
D:1:      lemuel_arrival_funnel
D:2:      grunt_temple_overflow_order_and_chaos_1, old_standard_altar
D:3:      kennysheep_doodads
D:4:      serial_shops, shop, st_stairs_10, uniq_edmund

Skill      XL: |  1  2  3  4 |
---------------+-------------+-----
Axes           | 3 5 |  5.6
Armour         | 1 |  1.4
Fighting       | |  2.1
Throwing       | |  2.1
Dodging        | |  3.6

Action                   |  1- 3 |  4- 6 || total
-------------------------+-------+-------++-------
Melee: War axe           |    80 |   127 ||   207
Throw: Throwing net      |       |     3 ||     3
 Stab: Sleeping          |     1 |       ||     1
       Held in net/web   |       |     1 ||     1
  Eat: Chunk             |     9 |     5 ||    14
Armor: Leather armour    |    23 |     1 ||    24
       Scale mail        |       |    41 ||    41
Dodge: Dodged            |    85 |    73 ||   158
